 Dungeon Sprint DCSS version 0.22.1-1-ga44c0e56f4 (webtiles) character file.

53 MuseOD the Sneak (level 3, -3/19 HPs)
             Began as a Spriggan Enchanter on Sept 23, 2018.
             Slain by a human (8 damage)
             ... in the Dungeon (Sprint III: "The Ten Rune Challenge").
             The game lasted 00:00:49 (145 turns).

MuseOD the Sneak (Spriggan Enchanter)                Turns: 145, Time: 00:00:50

Health: -3/19      AC:  2    Str:  4    XL:     3   Next: 64%
Magic:  2/8        EV: 18    Int: 17    God:
Gold:   32         SH:  0    Dex: 16    Spells: 3/7 levels left

rFire    . . .     SeeInvis +   a - +1 dagger
rCold    . . .     Gourm    .   (shield restricted)
rNeg     . . .     Faith    .   b - +0 robe
rPois    .         Spirit   .   (helmet restricted)
rElec    .         Reflect  .   (no cloak)
rCorr    .         Harm     .   (gloves unavailable)
MR       .....     NoTele   +   (boots unavailable)
Stlth    ++++......             (no amulet)
HPRegen  0.06/turn              (no ring)
MPRegen  0.11/turn              (no ring)

@: very quick
A: very small, unfitting armour, see invisible, herbivore, speed 3, slow
metabolism 2
a: no special abilities


You were in the Dungeon.
You were not hungry.

You visited 1 branch You collected 32 gold pieces.

Inventory:

Hand Weapons
 a - a +1 dagger (weapon)
Armour
 b - a +0 robe (worn)
Scrolls
 c - 2 scrolls of holy word {unknown}
 j - a scroll of blinking
 k - 4 scrolls of identify
 n - a scroll of amnesia {unknown}
Potions
 e - a potion of curing
 f - a potion of heal wounds
 g - a potion of haste
 h - 2 potions of magic
 i - a potion of berserk rage
 l - 4 potions of mutation {unknown}
 m - 3 potions of flight
Comestibles
 d - 4 rations


   Skills:
 + Level 2.7 Fighting
 * Level 5.6 Short Blades
 - Level 3.0 Dodging
 + Level 7.1 Stealth
 - Level 2.6 Spellcasting
 - Level 3.6 Hexes


You had 3 spell levels left.
You knew the following spells:

 Your Spells              Type           Power        Failure   Level  Hunger
a - Corona                Hex            ##.....      4%          1    #......
b - Confuse               Hex            ##......     12%         3    ###....

Your spell library contained the following spells:

 Spells                   Type           Power        Failure   Level  Hunger
 Tukima's Dance           Hex            ##......     12%         3    ###....
 Ensorcelled Hibernation  Hex/Ice        #.....       13%         2    ##.....
 Dazzling Spray           Conj/Hex       #.....       26%         3    ###....


Dungeon Overview and Level Annotations

Branches:
Dungeon (1/1)

Altars:


Innate Abilities, Weirdness & Mutations

You are very small and have problems with some larger weapons.
You are too small for most types of armour.
You have supernaturally acute eyesight. (SInv)
You are a herbivore.
You cover ground extremely quickly.
You need to consume almost no food.


Message History

The human is severely wounded.
The human closely misses itself.
You hit the human but do no damage.
The human is severely wounded.
You barely miss the human.
The human is severely wounded.
The human hits itself but does no damage.
You hit the human but do no damage.
The human is severely wounded.
You hit the human but do no damage.
The human is severely wounded.
You hit the human but do no damage.
The human is severely wounded.
You hit the human.
The human is severely wounded.
The human misses you.
You barely miss the human.
The human is severely wounded.
The human seems less confused.
The human hits you!
You die...

▓<.#..'...♣♣
▓..#..#....♣♣♣
▓#'####....♣.♣
▓.....#....≈♣♣♣
▓.....#...≈≈♣.♣.♣
▓.....#..≈≈≈≈....
▓####'#..≈≈≈≈≈≈♣♣.
▓.....#.p≈≈≈≈≈....
▓.†...#@≈≈≈≈≈.....
▓.....#.≈≈≈.......
▓'#####...........
▓.................
▓▓▓▓▓▓▓▓▓▓▓▓▓▓▓▓▓▓


You could see a human.

Vanquished Creatures
  A scorpion (D)
  An ooze (D)
  3 rats (D)
5 creatures vanquished.

Vanquished Creatures (others)
  4 hellions (D)
  A yaktaur (D)
5 creatures vanquished.

Grand Total: 10 creatures vanquished

Notes
Turn   | Place    | Note
-------+----------+-------------------------------------------
     0 | D        | MuseOD the Spriggan Enchanter began the quest for the Orb.
     0 | D        | Reached XP level 1. HP: 9/9 MP: 5/5
     4 | D        | Reached skill level 1 in Fighting
     4 | D        | Reached skill level 5 in Stealth
    26 | D        | Killed a yaktaur
    40 | D        | Noticed a scorpion
    47 | D        | Killed a scorpion
    47 | D        | Reached skill level 5 in Short Blades
    47 | D        | Reached skill level 7 in Stealth
    47 | D        | Reached XP level 2. HP: 16/16 MP: 6/6
    47 | D        | Reached XP level 3. HP: 19/19 MP: 8/8
    52 | D        | Learned a level 3 spell: Confuse
   117 | D        | Killed a hellion
   118 | D        | Killed a hellion
   119 | D        | Killed a hellion
   119 | D        | Killed a hellion
   145 | D        | Slain by a human

Skill      XL: |  1 |
---------------+----+-----
Fighting       | 2 |  2.7
Short Blades   | 5 |  5.6
Stealth        | 7 |  7.1
Dodging        | |  3.0
Spellcasting   | |  2.6
Hexes          | |  3.6

Action                   || total
-------------------------++-------
Melee: Dagger            ||    17
 Cast: Confuse           ||     5
 Stab: Sleeping          ||     3
       Confused          ||     1
Armor: Robe              ||     1
Dodge: Dodged            ||    10
